 Dungeon Crawl Stone Soup version 0.18.1-50-g88ac8fd (webtiles) character file.

155 epen the Insei (level 5, -4/42 HPs)
             Began as a Merfolk Monk on Sept 15, 2016.
             Slain by Crazy Yiuf
             ... wielding a +4 quarterstaff of chaos
              (18 damage)
             ... on level 3 of the Dungeon.
             The game lasted 00:04:05 (3061 turns).

epen the Insei (Merfolk Monk)                       Turns: 3061, Time: 00:04:06

Health: -4/42      AC: 12    Str: 11    XL:     5   Next: 37%
Magic:  5/5        EV: 13    Int:  9    God:
Gold:   121        SH:  0    Dex: 18    Spells: 0 memorised, 4 levels left

rFire  . . .     SeeInvis .     f - +2 dagger (protect)
rCold  . . .     Gourm    .     g - +0 ring mail
rNeg   . . .     Faith    .     (no shield)
rPois  .         Spirit   .     h - +0 helmet
rElec  .         Dismiss  .     q - +0 cloak
rCorr  .         Reflect  .     (no gloves)
SustAt .         Harm     .     (no boots)
MR     .....                    (no amulet)
Stlth  ++........               (no ring)
                                (no ring)

@: not resistant to hostile enchantments, unstealthy
A: change form in water, swift swim
a: no special abilities


You were on level 3 of the Dungeon.
You were not hungry.

You visited 1 branch of the dungeon, and saw 3 of its levels.

You collected 121 gold pieces.

Inventory:

Hand Weapons
 f - a +2 dagger of protection (weapon)
Missiles
 r - a throwing net (quivered)
Armour
 a - a +0 robe
 g - a +0 ring mail (worn)
 h - a +0 helmet (worn)
 q - a +0 cloak (worn)
Scrolls
 c - 4 scrolls of identify {unknown}
 j - a scroll of amnesia {unknown}
 m - a scroll of enchant weapon {unknown}
 n - a scroll of fear {unknown}
 o - a scroll of blinking {unknown}
 p - 2 scrolls of remove curse {unknown}
Potions
 d - a potion of flight {unknown}
 e - 2 potions of lignification {unknown}
 i - a potion of curing {unknown}
 l - a potion of might {unknown}
Comestibles
 b - 2 bread rations


   Skills:
 + Level 4.1 Fighting
 + Level 5.3 Dodging
 - Level 2.1 Stealth
 * Level 5.9 Unarmed Combat


You had 4 spell levels left.
You didn't know any spells.

Dungeon Overview and Level Annotations

Branches:
Dungeon (3/15)

Altars:
Vehumet

Annotations:
D:3 Crazy Yiuf


Message History

a halberd; a gnoll corpse All of the chunks of flesh in your inventory have rotted away.
You hear the brisk rusting of a very distant drain.
You open the door.
Crazy Yiuf the Enlightened comes into view.
He is wielding a quarterstaff of chaos.
Found a mace.
Crazy Yiuf is nearby!
There is an open door here.
Crazy Yiuf closely misses you.
Crazy Yiuf cries, "Leather light canine!"
There is an open door here.
You barely miss Crazy Yiuf. Crazy Yiuf hits you but does no damage.
You closely miss Crazy Yiuf.
Crazy Yiuf hits you with a quarterstaff of chaos!
Crazy Yiuf freezes you.
You hit Crazy Yiuf.
Crazy Yiuf is moderately wounded.
Crazy Yiuf hits you with a quarterstaff of chaos.
You are electrocuted!
You die...

##♣♣♣♣♣
###...♣.♣♣♣#####
##......♣..♣#...#
#......♣♣♣♣.@g..# #
##..#..♣♣ ♣♣#..)#
####..###♣♣ #####
.......# .##.##.#
.......### #######
..#......# #..##.####
..###.(#.###.)......#
...##..##...#..<....#


You could see Crazy Yiuf.

Vanquished Creatures
  Robin (D:2)
  A gnoll (D:3)
  4 adders
  A worm (D:2)
  4 dart slugs
  A giant gecko (D:1)
  2 ball pythons
  3 giant cockroaches
  13 goblins
  11 hobgoblins
  12 jackals
  8 bats
  13 kobolds
  7 rats
81 creatures vanquished.

Vanquished Creatures (others)
  4 toadstools (D:1)
4 creatures vanquished.

Grand Total: 85 creatures vanquished

Notes
Turn   | Place    | Note
--------------------------------------------------------------
     0 | D:1      | epen the Merfolk Monk began the quest for the Orb.
     0 | D:1      | Reached XP level 1. HP: 18/18 MP: 1/1
   144 | D:1      | Reached XP level 2. HP: 16/24 MP: 2/2
   707 | D:1      | Reached skill level 5 in Unarmed Combat
   714 | D:1      | Reached XP level 3. HP: 11/29 MP: 3/3
  1706 | D:2      | Noticed Robin
  1730 | D:2      | Reached XP level 4. HP: 23/36 MP: 4/4
  1747 | D:2      | Killed Robin
  2197 | D:2      | Reached skill level 5 in Dodging
  2376 | D:2      | Found a radiant altar of Vehumet.
  2501 | D:2      | Reached XP level 5. HP: 40/42 MP: 5/5
  3055 | D:3      | Noticed Crazy Yiuf
  3061 | D:3      | Slain by Crazy Yiuf

Skill      XL: |  1  2  3  4  5 |
---------------+----------------+-----
Unarmed Combat | 5 |  5.9
Dodging        | 5 |  5.3
Fighting       | 4 |  4.1
Stealth        | |  2.1

Action                   |  1- 3 |  4- 6 || total
-------------------------+-------+-------++-------
Melee: Unarmed           |   117 |       ||   117
       Punch             |     4 |     5 ||     9
       Dagger            |    34 |   170 ||   204
 Stab: Sleeping          |     4 |     2 ||     6
  Eat: Chunk             |     3 |     4 ||     7
Armor: Robe              |    18 |    11 ||    29
       Ring mail         |       |    64 ||    64
Dodge: Dodged            |   105 |   153 ||   258
